2815 views
Uploaded 2020-10-11 17:13:50
Game version 1.32.8
17:42 long 1on1 ladder game on (2)Amazonia
Saved by JagaJazist
2815 views
Uploaded 2020-10-11 17:13:50
Game version 1.32.8
17:42 long 1on1 ladder game on (2)Amazonia

37 units @ 4.7k
/ 0.7k
17 buildings @ 3.3k
/ 1.4k


| Potion of Healing | 1 | 150 |
| Scroll of Healing | 1 | 250 |
| Scroll of Town Portal | 2 | 700 |
| Boots of Speed | 1 | 250 |
| total: | 5 | 1350g |
| Wisp | 16 | 960 | / | 0 |
| Huntress | 8 | 1560 | / | 160 |
| Archer | 7 | 910 | / | 70 |
| Dryad | 4 | 580 | / | 240 |
| Mountain Giant | 2 | 700 | / | 200 |
| total: | 37 | 4710g | / | 670w |
| Ancient Protector | 3 | 405 | / | 240 |
| Altar of Elders | 1 | 180 | / | 50 |
| Moon Well | 5 | 900 | / | 200 |
| Ancient of War | 2 | 300 | / | 120 |
| Hunter's Hall | 1 | 210 | / | 100 |
| Ancient of Wonders | 1 | 90 | / | 30 |
| Tree of Life | 3 | 1020 | / | 555 |
| Ancient of Lore | 1 | 155 | / | 145 |
| Tree of Ages | 1 | 320 | / | 180 |
| total: | 17 | 3260g | / | 1440w |
| 0:02 | Wisp |
| 0:08 | Altar of Elders |
| 0:14 | Moon Well |
| 0:16 | Wisp |
| 0:26 | Wisp |
| 0:42 | Wisp |
| 0:46 | Ancient of War |
| 1:00 | Wisp |
| 1:20 | Wisp |
| 1:31 | Hunter's Hall |
| 1:36 | Wisp |
| 1:53 | Wisp |
| 2:02 | Moon Well |
| 2:08 | Mana Burn |
| 2:20 | Ancient of War |
| 3:01 | Huntress |
| 3:04 | Wisp |
| 3:14 | Huntress |
| 3:27 | Huntress |
| 3:40 | Moon Well |
| 3:48 | Ancient of Wonders |
| 4:05 | Huntress |
| 4:41 | Huntress |
| 4:44 | Huntress |
| 5:04 | Ancient Protector |
| 5:21 | Huntress |
| 5:32 | Evasion |
| 6:05 | Tree of Ages |
| 6:07 | Huntress |
| 6:23 | Moon Well |
| 6:53 | Tree of Life |
| 6:55 | Mana Burn |
| 7:07 | Ancient Protector |
| 7:58 | Scroll of Healing |
| 7:58 | Boots of Speed |
| 8:57 | Ancient of Lore |
| 9:16 | Archer |
| 9:43 | Archer |
| 10:02 | Archer |
| 10:10 | Trueshot Aura |
| 10:28 | Improved Bows |
| 10:30 | Wisp |
| 10:31 | Wisp |
| 10:39 | Potion of Healing |
| 10:56 | Archer |
| 11:10 | Evasion |
| 11:16 | Dryad |
| 11:19 | Wisp |
| 11:19 | Wisp |
| 11:48 | Abolish Magic |
| 11:56 | Scroll of Town Portal |
| 12:44 | Tree of Life |
| 12:47 | Wisp |
| 12:47 | Wisp |
| 13:08 | Wisp |
| 13:15 | Searing Arrows |
| 13:36 | Dryad |
| 13:37 | Dryad |
| 13:37 | Dryad |
| 13:51 | Archer |
| 14:38 | Moon Well |
| 15:28 | Mountain Giant |
| 15:33 | Archer |
| 15:34 | Archer |
| 15:45 | Scroll of Town Portal |
| 16:44 | Searing Arrows |
| 16:52 | Ancient Protector |
| 16:58 | Tree of Life |
| 17:02 | Mountain Giant |
| Right click | 2190 |
| Select | 403 |
| Build/train/purchase | 65 |
| Use ability | 32 |
| Misc. action | 9 |
| Item give/drop | 2 |
45 units @ 5.5k
/ 1.1k
18 buildings @ 3.1k
/ 1.3k

| Staff of Preservation | 1 | 150 |
| Potion of Healing | 1 | 150 |
| total: | 2 | 300g |
| Wisp | 24 | 1440 | / | 0 |
| Archer | 5 | 650 | / | 50 |
| Huntress | 1 | 195 | / | 20 |
| Dryad | 6 | 870 | / | 360 |
| Druid of the Claw | 9 | 2295 | / | 720 |
| total: | 45 | 5450g | / | 1150w |
| Ancient Protector | 4 | 540 | / | 320 |
| Altar of Elders | 1 | 180 | / | 50 |
| Moon Well | 7 | 1260 | / | 280 |
| Ancient of War | 1 | 150 | / | 60 |
| Hunter's Hall | 1 | 210 | / | 100 |
| Ancient of Wonders | 1 | 90 | / | 30 |
| Tree of Life | 1 | 340 | / | 185 |
| Ancient of Lore | 2 | 310 | / | 290 |
| Tree of Ages | 1 | 320 | / | 180 |
| Tree of Eternity | 1 | 330 | / | 200 |
| total: | 18 | 3080g | / | 1315w |
| 0:01 | Wisp |
| 0:04 | Altar of Elders |
| 0:05 | Wisp |
| 0:17 | Moon Well |
| 0:23 | Wisp |
| 0:38 | Wisp |
| 0:42 | Ancient of War |
| 0:44 | Wisp |
| 1:13 | Wisp |
| 1:22 | Moon Well |
| 1:25 | Wisp |
| 1:36 | Wisp |
| 1:44 | Archer |
| 1:51 | Wisp |
| 2:13 | Mana Burn |
| 2:15 | Wisp |
| 2:17 | Archer |
| 2:33 | Tree of Ages |
| 3:10 | Hunter's Hall |
| 3:15 | Archer |
| 3:29 | Archer |
| 3:40 | Moon Well |
| 3:53 | Ancient of Wonders |
| 4:13 | Archer |
| 5:05 | Ancient Protector |
| 5:15 | Wisp |
| 5:15 | Wisp |
| 5:18 | Ancient of Lore |
| 5:27 | Huntress |
| 5:30 | Wisp |
| 5:34 | Ancient of Lore |
| 6:05 | Ultravision |
| 6:14 | Evasion |
| 6:43 | Mana Burn |
| 6:49 | Abolish Magic |
| 6:49 | Dryad |
| 6:52 | Tree of Eternity |
| 7:00 | Moon Well |
| 7:22 | Staff of Preservation |
| 7:40 | Moon Well |
| 7:44 | Dryad |
| 8:08 | Dryad |
| 8:33 | Potion of Healing |
| 8:39 | Evasion |
| 8:41 | Dryad |
| 9:08 | Dryad |
| 9:18 | Druid of the Claw Adept Training |
| 10:07 | Druid of the Claw |
| 10:19 | Tree of Life |
| 11:00 | Wisp |
| 11:00 | Wisp |
| 11:06 | Ancient Protector |
| 11:17 | Moon Well |
| 11:28 | Druid of the Claw Master Training |
| 11:29 | Druid of the Claw |
| 12:09 | Ancient Protector |
| 12:22 | Wisp |
| 12:22 | Wisp |
| 12:22 | Wisp |
| 12:22 | Wisp |
| 12:25 | Druid of the Claw |
| 12:47 | Wisp |
| 12:47 | Wisp |
| 13:08 | Mark of the Claw |
| 13:20 | Ancient Protector |
| 13:36 | Strength of the Wild |
| 13:55 | Mana Burn |
| 13:58 | Druid of the Claw |
| 14:01 | Wisp |
| 14:01 | Wisp |
| 14:01 | Wisp |
| 14:19 | Druid of the Claw |
| 15:22 | Druid of the Claw |
| 15:22 | Druid of the Claw |
| 15:33 | Improved Strength of the Wild |
| 16:33 | Metamorphosis |
| 16:35 | Dryad |
| 16:36 | Druid of the Claw |
| 16:54 | Druid of the Claw |
| 17:10 | Advanced Strength of the Wild |
| 17:15 | Moon Well |
| Right click | 929 |
| Select | 332 |
| Select group | 231 |
| Build/train/purchase | 79 |
| Assign group | 32 |
| Misc. action | 29 |
| Use ability | 20 |
| Remove unit | 2 |